 Dungeon Crawl Stone Soup version 0.28.0-53-g5a82cb258f (webtiles) character file.

Game seed: 13196742740463263550

212 Qrupt the Chopper (level 5, 0/47 HPs)
             Began as a Minotaur Fighter on Aug 21, 2022.
             Was an Initiate of Gozag.
             Slain by a flying skull (4 damage)
             ... on level 1 of the Abyss.
             The game lasted 00:04:27 (2586 turns).

Qrupt the Chopper (Minotaur Fighter)                Turns: 2586, Time: 00:04:28

Health: 0/47       AC: 10    Str: 20 (22) XL:     5   Next: 58%
Magic:  4/4        EV: 10    Int:  7 (8)  God:    Gozag
Gold:   232        SH:  3    Dex:  3 (5)  Spells: 4/4 levels left

rFire   . . .      SeeInvis +   a - +0 war axe
rCold   . . .      Faith    .   c - +0 buckler
rNeg    . . .      Spirit   .   u - +4 ring mail of Defiance {Int+3 Dex-5 Slay+6 SInv}
rPois   .          Reflect  .   (helmet restricted)
rElec   .          Harm     .   w - +0 cloak
rCorr   .          Rampage  .   (no gloves)
Will    .....                   (no boots)
Stlth   ..........              (no amulet)
HPRegen 0.15/turn               (no ring)
MPRegen 0.09/turn               (no ring)

@: no status effects
A: horns 2, retaliatory headbutt
a: Renounce Religion, Potion Petition, Call Merchant, Bribe Branch


You were on level 1 of the Abyss.
You worshipped Gozag.
Gozag was aware of your devotion.
You visited 1 branch of the dungeon, and saw 4 of its levels.
You visited the Abyss 1 time.

You collected 421 gold pieces.
You spent 162 gold pieces at shops.
You paid 27 gold pieces to Gozag.

Inventory:

Hand Weapons
 a - a +0 war axe (weapon)
Armour
 b - a +0 scale mail
 c - a +0 buckler (worn)
 u - the +4 ring mail of Defiance (worn) {Int+3 Dex-5 Slay+6 SInv}
   (You bought it in a shop on level 4 of the Dungeon)

   Int:       It affects your intelligence (+3).
   Dex:       It affects your dexterity (-5).
   Slay:      It affects your accuracy & damage with ranged weapons and melee
   (+6).
   SInv:      It lets you see invisible.
 w - a +0 cloak (worn)
Jewellery
 i - a +6 ring of intelligence
Scrolls
 f - a scroll of magic mapping {unknown}
 g - a scroll of acquirement {unknown}
 h - a scroll of noise {unknown}
 m - a scroll of teleportation {unknown}
 p - a scroll of identify {unknown}
 q - a scroll of enchant weapon {unknown}
 r - a scroll of torment {unknown}
 v - a scroll of vulnerability {unknown}
Potions
 k - a potion of resistance {unknown}
 n - 2 potions of heal wounds {unknown}
 o - a potion of mutation {unknown}
 s - a potion of brilliance {unknown}
 t - a potion of lignification {unknown}


   Skills:
 + Level 4.8 Fighting
 + Level 6.2 Axes
 - Level 3.6 Armour
 + Level 0.9 Dodging
 + Level 0.1 Stealth
 - Level 3.6 Shields


You had 4 spell levels left.
You didn't know any spells.
Your spell library was empty.

Dungeon Overview and Level Annotations

Branches:
Dungeon (4/15)             Temple (0/1) D:4

Altars:
Gozag
The Shining One

Shops:
D:2 (   D:4 [


Innate Abilities, Weirdness & Mutations

You have a pair of horns on your head.
You reflexively headbutt those who attack you in melee.


Message History

The flying skull hits you but does no damage.
You closely miss the flying skull.
The flying skull hits you but does no damage. x2
You hit the flying skull but do no damage.
The flying skull hits you but does no damage.
The flying skull closely misses you. The flying skull barely misses you.
The flying skull closely misses you. You furiously retaliate!
You headbutt the flying skull! The flying skull barely misses you.
The flying skull closely misses you.
A tentacled starspawn comes into view.
Found a gateway leading deeper into the Abyss.
The flying skull hits you. The flying skull barely misses you.
You furiously retaliate!
You headbutt the flying skull!!
You destroy the flying skull!
That felt strangely unrewarding.
The substance of the Abyss twists violently, and a gateway leading down appears!
There is a gateway leading deeper into the Abyss here.
The flying skull hits you but does no damage.
The flying skull hits you.
* * * LOW HITPOINT WARNING * * *
An ancient zyme and a large abomination come into view.
You feel yourself growing ill in the presence of the ancient zyme.
The flying skull misses you.
You miss the flying skull. Your headbutt misses the flying skull.
The flying skull closely misses you. The flying skull hits you.
* * * LOW HITPOINT WARNING * * *
It was a potion of cancellation.
Your magical effects are unravelling.
You feel magically purged.
You feel a little less mighty now. The flying skull hits you.
* * * LOW HITPOINT WARNING * * *
Unknown command.
It was a potion of degeneration.
There was something very wrong with that liquid.
You feel weakened.
You feel dopey.
You feel clumsy. The flying skull hits you.
You die...
Your body crumbles into a pile of gold.

....#### .# .....#.
.#.#..##...##..##X..
.......∩..# ..## ...
. ..###. .#.....##
##.#.#.#####.....
..# .. ...#>..#..
..### #..Z.# ### ##
##..#### .#.#
##z.#@# ## ..
#.##z## # . .#
..##X§# # #.#.
###... # . ....# ..
...#. . ####.. .. .


You could see a large abomination and a flying skull.

Vanquished Creatures
  2 flying skulls (Abyss:1)
  A howler monkey (D:2)
  A centaur skeleton (D:4)
  A gnoll shaman (D:4)
  A hound (D:4)
  A gnoll (D:4)
  An adder (D:4)
  A worm (D:3)
  A dart slug (D:3)
  8 ball pythons
  A bat (D:1)
  6 endoplasms
  3 giant cockroaches
  6 goblins
  8 hobgoblins
  6 quokkas
  4 frilled lizards
  11 kobolds
  4 rats
  A spectral goblin (D:1)
68 creatures vanquished.

Notes
Turn   | Place    | Note
-------+----------+-------------------------------------------
     0 | D:1      | Qrupt the Minotaur Fighter began the quest for the Orb.
     0 | D:1      | Reached XP level 1. HP: 19/19 MP: 0/0
   151 | D:1      | Found a faded altar of an unknown god.
   221 | D:1      | Reached skill level 3 in Axes
   283 | D:1      | Reached XP level 2. HP: 27/27 MP: 1/1
   750 | D:2      | Noticed a howler monkey
   758 | D:2      | Reached XP level 3. HP: 31/33 MP: 2/2
   763 | D:2      | Reached skill level 4 in Axes
   857 | D:2      | Reached XP level 4. HP: 39/41 MP: 3/3
  1020 | D:2      | Found Nosautt's Antique Weapon Boutique.
  1280 | D:2      | Found an opulent altar of Gozag.
  1384 | D:2      | Became a worshipper of Gozag Ym Sagoz the Greedy
  1726 | D:3      | Found a glowing golden altar of the Shining One.
  1882 | D:3      | Reached skill level 5 in Axes
  2010 | D:4      | Found a staircase to the Ecumenical Temple.
  2024 | D:4      | Found Osegosta's Antique Armour Emporium.
  2032 | D:4      | Bought a slimy ring mail for 162 gold pieces
  2032 | D:4      | Identified the +4 ring mail of Defiance {Int+3 Dex-5 Slay+6
                  | SInv} (You bought it in a shop on level 4 of the Dungeon)
  2325 | D:4      | Reached XP level 5. HP: 47/47 MP: 4/4
  2375 | D:4      | Reached skill level 6 in Axes
  2512 | D:4      | Cast into level 1 of the Abyss (gnoll)
  2540 | Abyss:1  | Noticed a flying skull
  2540 | Abyss:1  | Noticed a flying skull
  2540 | Abyss:1  | Noticed a flying skull
  2540 | Abyss:1  | Noticed a flying skull
  2558 | Abyss:1  | Noticed a flying skull
  2561 | Abyss:1  | Noticed a flying skull
  2564 | Abyss:1  | Killed a flying skull
  2570 | Abyss:1  | Noticed a shadow dragon zombie
  2575 | Abyss:1  | Noticed a tentacled starspawn
  2576 | Abyss:1  | Killed a flying skull
  2582 | Abyss:1  | Noticed an ancient zyme
  2582 | Abyss:1  | Noticed a large abomination
  2586 | Abyss:1  | Slain by a flying skull

Illustrated notes

Levels and vault maps discovered:
D:1:      nzn_arrival_water_spiral, layout_basic,
          dreamdust_ecumenical_altar_drowned_temple, st_stairs_14
D:2:      layout_basic, basic_altar, serial_shops, nicolae_shop_crystal
D:3:      layout_basic, tso_oasis_becter
D:4:      layout_gridville, minmay_temple_entry_mist, serial_shops,
          nicolae_shop_stone, hangedman_decor_points
Abyss:1:  base: D:1, evilmike_abyss_exit_15

Skill      XL: |  1  2  3  4  5 |
---------------+----------------+-----
Axes           | 3 4 5 6 |  6.2
Fighting       | 4 |  4.8
Armour         | |  3.6
Dodging        | |  0.9
Stealth        | |  0.1
Shields        | |  3.6

Action                   |  1- 3 |  4- 6 || total
-------------------------+-------+-------++-------
Melee: War axe           |    59 |    78 ||   137
       Headbutt          |     6 |     8 ||    14
  Use: Potion            |       |     4 ||     4
Armor: Scale mail        |    26 |    17 ||    43
       Ring mail         |       |    20 ||    20
Dodge: Dodged            |    25 |    42 ||    67
Block: Buckler           |    13 |     7 ||    20
